Map: Persephone LE

Players

Kelazhur

  • Race: Terran Terran
  • League: Master
  • Spawn Location: 7:00

STZsOs (sOs) - Winner!

  • Race: Protoss Protoss
  • Spawn Location: 11:00

Event: HomeStory Cup XXVII

VOD

Have the link to the VOD?

Description

Time

  • Played on: June 28, 2025, 10:45 a.m.
  • Length: 11:52

All games in this series

Show
View Real Time Build Order
Export as new Build Order

Kelazhur Terran 

Build Orders:  

Get SALT Encoding   

  12  0:00  SCV  
  13  0:12  SCV  
  14  0:16  Supply Depot  
  14  0:24  SCV  
  15  0:38  SCV  
  15  0:39  Barracks  
  16  0:43  Refinery  
  16  0:50  SCV  
  16  0:52  Refinery  
  17  1:02  SCV  
  18  1:14  SCV  
  19  1:26  Orbital Command, Reaper  
  19  1:27  Supply Depot  
  20  1:42  Factory  
  20  1:52  SCV  
  21  1:59  Barracks Reactor  
  21  2:05  SCV  
  22  2:14  Command Center  
  22  2:17  SCV  
  23  2:28  Widow Mine  
  23  2:29  SCV  
  25  2:35  Marine x2  
  27  2:37  Starport  
  27  2:41  SCV  
  28  2:44  Supply Depot  
  30  2:52  Factory Tech Lab  
  30  2:53  Marine  
  30  2:55  Marine  
  29  3:13  Marine x2  
  29  3:15  Cyclone  
  33  3:23  Medivac  
  35  3:28  SCV  
  35  3:31  Marine x2  
  35  3:33  Supply Depot  
  39  3:41  SCV  
  39  3:55  Refinery, Marine x2, Siege Tank, Starport Tech Lab  
  44  3:56  SCV  
  45  4:14  SCV  
  45  4:19  Marine x2  
  45  4:22  Orbital Command  
  47  4:26  Banshee  
  50  4:32  Siege Tank  
  50  4:34  SCV  
  50  4:36  Marine x2  
  56  4:39  Supply Depot  
  56  4:46  SCV  
  56  4:47  Barracks  
  56  4:49  SCV  
  56  4:50  Cloaking Field  
  58  4:55  Marine x2  
  60  5:04  Siege Tank  
  63  5:08  SCV  
  63  5:12  SCV  
  63  5:13  Marine x2  
  67  5:17  Banshee  
  70  5:26  Supply Depot  
  70  5:32  Supply Depot  
  70  5:39  SCV  
  70  5:40  SCV  
  70  5:42  Siege Tank  
  60  5:51  SCV  
  60  5:52  Marine  
  60  5:53  Marine  
  60  5:54  SCV  
  64  6:03  SCV  
  65  6:05  Barracks Tech Lab  
  65  6:06  Banshee  
  65  6:09  SCV  
  69  6:13  Command Center  
  69  6:16  SCV  
  70  6:26  Marine x2, SCV  
  70  6:31  SCV  
  67  6:39  SCV  
  66  6:42  Stimpack  
  66  6:43  Marauder  
  66  6:44  Marine x2  
  66  6:46  Barracks, SCV  
  66  6:47  Barracks  
  66  6:50  Barracks  
  66  6:51  SCV  
  63  6:58  SCV  
  63  7:00  Refinery  
  64  7:03  Marine x2, SCV  
  64  7:07  Marauder  
  69  7:11  SCV  
  69  7:12  Starport Reactor  
  69  7:15  Factory Reactor, Engineering Bay, SCV  
  71  7:21  Marine  
  72  7:23  Marine, SCV  
  72  7:27  SCV  
  75  7:30  Marauder  
  75  7:35  SCV  
  75  7:36  Supply Depot, Barracks Reactor  
  78  7:40  Marine  
  78  7:41  SCV  
  80  7:48  Barracks Reactor  
  80  7:49  Marauder  
  82  7:51  SCV  
  82  7:52  Marauder  
  82  7:54  Viking x2  
  82  7:55  Widow Mine x2  
  82  7:58  Supply Depot  
  93  7:59  SCV  
  93  8:00  Marine x2, Terran Infantry Weapons Level 1  
  93  8:01  Supply Depot  
  93  8:03  SCV  
  97  8:11  Marauder, SCV  
  100  8:20  Marauder  
  100  8:24  Viking x2, Planetary Fortress  
  104  8:32  Marine  
  104  8:33  Marauder, Marine x3  
  110  8:35  SCV x2  
  110  8:40  Marauder  
  110  8:41  Marine  
  115  8:49  SCV  
  115  8:50  Marine x3, SCV  
  115  8:53  Armory  
  115  8:54  Marauder, Supply Depot  
  122  8:57  Marine  
  122  8:58  Supply Depot  
  122  9:00  Medivac  
  125  9:13  Supply Depot  
  125  9:14  Supply Depot  
  125  9:16  Marauder, SCV x3  
  132  9:19  Marine  
  132  9:20  Marauder x2  
  137  9:25  Marine x2  
  137  9:28  SCV  
  137  9:29  Widow Mine  
  140  9:37  Marauder, Refinery  
  142  9:38  Refinery  
  142  9:39  Ghost Academy  
  142  9:40  Supply Depot  
  142  9:45  Marine x2, Combat Shield  
  145  9:46  Marauder, Concussive Shells  
  145  9:47  Marine x2  
  145  9:50  Marauder  
  149  9:55  Viking  
  151  10:00  Viking  
  153  10:08  Supply Depot  
  153  10:10  Ghost x2  
  153  10:11  Marine x2  
  154  10:20  Missile Turret  
  154  10:21  Ghost  
  154  10:22  Missile Turret, Marine x2  
  159  10:28  Marine  
  159  10:34  Medivac  
  159  10:35  Medivac  
  164  10:41  Ghost  
  167  10:45  Ghost  
  167  10:46  Marine x3  
  167  10:49  Marine, Widow Mine x2  
  175  10:50  Marauder  
  166  11:05  Marine x3  
  166  11:06  Viking x2  
  166  11:07  Marine  
  166  11:10  Marauder  
  176  11:12  Marauder  
  176  11:17  Ghost  
  171  11:23  Marine  
  118  11:29  Marine x2  
  118  11:30  Marine  
Show
View Real Time Build Order
Export as new Build Order

STZsOs Protoss - Winner!

Build Orders: 1 Gate Expand, Phoenix Opening 

Get SALT Encoding   

  12  0:00  Probe  
  13  0:12  Probe  
  14  0:18  Pylon  
  14  0:23  Probe  
  15  0:32  Probe  
  15  0:36  Gateway  
  15  0:40  Probe  
  16  0:45  Assimilator  
  17  0:51  Probe  
  18  1:03  Probe  
  19  1:15  Probe  
  20  1:23  Cybernetics Core  
  20  1:32  Nexus  
  20  1:37  Pylon  
  20  1:41  Probe  
  21  1:47  Assimilator  
  21  1:49  Adept  
  21  1:54  Probe  
  22  2:00  Warp Gate  
  24  2:06  Probe  
  25  2:12  Shield Battery  
  25  2:18  Probe  
  25  2:21  Sentry  
  28  2:30  Probe  
  28  2:35  Phoenix  
  29  2:38  Twilight Council  
  29  2:40  Probe  
  29  2:44  Probe  
  31  2:50  Probe  
  31  2:52  Gateway  
  31  2:56  Probe  
  33  3:00  Gateway  
  33  3:01  Probe  
  33  3:05  Stalker  
  36  3:13  Phoenix  
  36  3:15  Probe x2  
  38  3:27  Probe  
  38  3:28  Probe, Charge  
  38  3:31  Robotics Facility  
  40  3:36  Pylon  
  40  3:37  Probe  
  40  3:40  Probe  
  42  3:44  Shield Battery  
  42  3:45  Probe  
  42  3:51  Pylon  
  42  3:52  Probe  
  44  3:56  Stalker  
  44  3:58  Probe  
  44  4:01  Stalker  
  49  4:04  Stalker  
  47  4:21  Stalker  
  47  4:22  Observer  
  47  4:23  Probe  
  47  4:24  Probe  
  52  4:26  Assimilator, Zealot  
  52  4:28  Zealot  
  52  4:31  Immortal  
  60  4:46  Nexus  
  60  4:48  Pylon  
  60  4:54  Zealot  
  62  5:07  Probe x2  
  64  5:09  Robotics Bay, Zealot  
  66  5:14  Pylon  
  66  5:16  Zealot x2  
  70  5:22  Immortal  
  70  5:23  Shield Battery  
  70  5:33  Zealot  
  58  5:50  Zealot x2  
  58  5:54  Sentry  
  58  5:55  Probe x2  
  62  6:01  Probe  
  63  6:05  Colossus  
  63  6:07  Probe x2  
  63  6:10  Stalker x2  
  75  6:13  Probe  
  75  6:15  Forge  
  75  6:17  Stalker  
  78  6:19  Probe x2  
  77  6:33  Zealot x2  
  77  6:34  Probe x2  
  77  6:39  Protoss Ground Weapons Level 1  
  75  6:41  Blink  
  75  6:50  Probe x3  
  75  6:51  Warp Prism  
  78  6:55  Pylon  
  78  6:58  Pylon  
  78  7:02  Probe x3  
  78  7:05  Gateway, Extended Thermal Lance  
  78  7:07  Gateway, Pylon  
  83  7:12  Gateway  
  83  7:14  Probe x3  
  86  7:24  Zealot, Sentry, Nexus  
  86  7:25  Zealot  
  91  7:37  Observer, Probe  
  91  7:38  Pylon  
  88  7:49  Probe  
  87  7:52  Probe x2  
  89  8:00  Shield Battery  
  89  8:01  Probe  
  89  8:04  Probe x2  
  92  8:09  Stalker  
  94  8:13  Probe  
  94  8:18  Colossus, Zealot x5  
  105  8:23  Pylon  
  105  8:24  Pylon  
  105  8:25  Probe  
  105  8:26  Protoss Ground Weapons Level 2  
  112  8:34  Photon Cannon  
  112  8:35  Photon Cannon  
  112  8:43  Gateway  
  112  8:44  Gateway  
  112  8:50  Probe  
  112  8:51  Probe x3  
  112  8:55  Photon Cannon  
  116  8:59  Zealot x6  
  128  9:03  Colossus  
  128  9:04  Photon Cannon  
  128  9:08  Forge  
  128  9:15  Probe  
  128  9:16  Probe x3  
  138  9:17  Observer  
  138  9:18  Pylon  
  138  9:22  Protoss Ground Armor Level 1  
  138  9:29  Gravitic Boosters  
  136  9:39  Stalker x2  
  136  9:40  Zealot x6  
  136  9:41  Probe  
  136  9:42  Probe, Assimilator  
  136  9:43  Probe x2  
  136  9:44  Gateway  
  136  9:45  Gateway  
  156  9:49  Observer  
  156  9:50  Pylon  
  156  10:03  Pylon  
  156  10:08  Observer  
  156  10:09  Probe x2  
  159  10:17  Stalker x2  
  163  10:23  Pylon x2  
  163  10:26  Gateway  
  163  10:27  Stalker x2  
  167  10:28  Gateway  
  167  10:40  Nexus  
  167  10:45  Pylon, Zealot x8  
  167  10:49  Colossus  
  179  11:07  Robotics Facility  
  179  11:10  Gateway, Zealot x9  
  195  11:13  Probe  
  195  11:14  Gateway  
  188  11:21  Zealot x2  
  164  11:28  Zealot  
  164  11:30  Zealot x2  
  164  11:31  Stalker x4  
  164  11:32  Zealot x3  
Tags
 
Add a new tag
Caveats
  • Supply blocks, unpowered buildings, or Contaminate may cause inaccurate times.
  • Supply counts are checked every 10 seconds.